 Dungeon Crawl Stone Soup version 0.23.2-1-ga50397a6bc (webtiles) character file.

Game seed: 3258785073863763041

135300 mora the Warrior (level 17, -9/184 HPs)
             Began as an Ogre Transmuter on Apr 16, 2019.
             Was the Champion of Okawaru.
             Shot with a bolt by a yaktaur captain (29 damage)
             ... on level 14 of the Dungeon on Apr 17, 2019.
             The game lasted 01:31:10 (29211 turns).

mora the Warrior (Ogre Transmuter)                 Turns: 29211, Time: 01:31:11

Health: -9/184     AC: 12    Str: 21    XL:     17   Next: 19%
Magic:  22/30      EV: 15    Int: 14    God:    Okawaru [******]
Gold:   1649       SH:  0    Dex:  9    Spells: 20/35 levels left

rFire    . . .     SeeInvis .     - Unarmed
rCold    + . .     Gourm    .   (shield currently unavailable)
rNeg     . . .     Faith    .   x - +1 robe "Siej Xai" {rC+ rCorr Str-2 Slay+6}
rPois    .         Spirit   .   s - +2 hat
rElec    .         Reflect  .   K - +2 cloak {MR+}
rCorr    +         Harm     .   (gloves unavailable)
MR       ++...                  (boots unavailable)
Stlth    +.........             (no amulet)
HPRegen  0.40/turn              d - +3 ring of protection
MPRegen  0.22/turn              M - ring of wizardry

@: about to teleport, blade hands
A: large, unfitting armour, tough skin 1
a: End Transformation, Heroism, Finesse, Renounce Religion


You were on level 14 of the Dungeon.
You worshipped Okawaru.
Okawaru was exalted by your worship.
You were not hungry.
You had blades for hands.
You visited 2 branches of the dungeon, and saw 20 of its levels.
You also visited: Bailey.

You collected 2026 gold pieces.
You spent 377 gold pieces at shops.

Inventory:

Missiles
 v - 11 javelins (quivered)
 G - 2 throwing nets
 H - 382 arrows
 Z - 7 tomahawks
Armour
 j - a +2 cloak
 o - a +0 shield (melded)
 s - a +2 hat (worn)
 x - the +1 robe "Siej Xai" (worn) {rC+ rCorr Str-2 Slay+6}
   (You found it on level 7 of the Dungeon)

   It affects your strength (-2).
   It affects your accuracy and damage with ranged weapons and melee attacks
   (+6).
   It protects you from cold.
   It provides partial protection from all sources of acid and corrosion.
 J - the +8 gold dragon scales of Okawaru's Supremacy {rPois rF+ rC+ rN+ MR+ SInv}
   (Okawaru gifted it to you on level 10 of the Dungeon)

   It protects you from fire.
   It protects you from cold.
   It protects you from poison.
   It protects you from negative energy.
   It affects your resistance to hostile enchantments.
   It lets you see invisible.
 K - a +2 cloak of magic resistance (worn)
 L - a +0 cloak of poison resistance
Jewellery
 d - a +3 ring of protection (left scythe-like blade)
 g - an uncursed amulet of the acrobat
 p - an uncursed ring of protection from fire
 C - an uncursed amulet of rage
 M - a ring of wizardry (right scythe-like blade)
 Q - a +4 ring of protection
 V - an uncursed ring of positive energy
 X - an uncursed ring of magical power
Wands
 E - a wand of enslavement (21)
 F - a wand of flame (12)
 P - a wand of paralysis (1)
 R - a wand of random effects (38)
 S - a wand of scattershot (1)
Scrolls
 b - 5 scrolls of magic mapping
 k - 4 scrolls of enchant armour
 n - 2 scrolls of identify
 t - 2 scrolls of teleportation
 u - 10 scrolls of remove curse
 A - a scroll of fog
 B - 4 scrolls of amnesia
 D - a scroll of holy word
 I - 2 scrolls of enchant weapon
Potions
 a - a potion of haste
 c - 7 potions of curing
 h - a potion of heal wounds
 i - 2 potions of invisibility
 l - 4 potions of magic
 m - 3 potions of might
 q - 8 potions of lignification
 r - 2 potions of berserk rage
 w - 3 potions of flight
 y - 2 potions of brilliance
 z - 3 potions of mutation
 Y - 2 potions of ambrosia
Comestibles
 e - 25 rations


   Skills:
 + Level 15.5 Fighting
 + Level 11.5 Dodging
 + Level 5.1 Shields
 + Level 11.8 Unarmed Combat
 - Level 9.9 Spellcasting
 + Level 12.6 Transmutations
 - Level 2.0 Ice Magic
 - Level 1.0 Poison Magic
 - Level 5.0 Invocations
 - Level 5.0 Evocations


You had 20 spell levels left.
You knew the following spells:

 Your Spells              Type           Power        Failure   Level  Hunger
a - Beastly Appendage     Tmut           #####.       2%          1    None
b - Sticks to Snakes      Tmut           #####...     2%          2    None
c - Spider Form           Tmut/Pois      ####......   9%          3    #......
d - Ice Form              Ice/Tmut       ####....     13%         4    ###....
e - Blade Hands           Tmut           #####.....   8%          5    #####..

Your spell library contained the following spells:

 Spells                   Type           Power        Failure   Level  Hunger
 Hydra Form               Tmut           #####.....   19%         6    ######.
 Magic Dart               Conj           #...         21%         1    None
 Shock                    Conj/Air       #...         21%         1    None
 Summon Butterflies       Summ           #.......     21%         1    None
 Summon Small Mammal      Summ           #...         21%         1    None
 Ensorcelled Hibernation  Hex/Ice        #.....       21%         2    None
 Call Imp                 Summ           #.......     26%         2    None
 Searing Ray              Conj           #.....       26%         2    None
 Swiftness                Chrm/Air       #.......     26%         2    None
 Irradiate                Conj/Tmut      ###.......   32%         5    #####..
 Call Canine Familiar     Summ           #.......     41%         3    #......
 Dazzling Spray           Conj/Hex       #.....       41%         3    #......
 Recall                   Summ/Tloc      N/A          41%         3    #......
 Static Discharge         Conj/Air       #.......     41%         3    #......
 Summon Guardian Golem    Hex/Summ       #.......     41%         3    #......
 Dragon Form              Tmut           #####.....   52%         7    #######
 Summon Ice Beast         Ice/Summ       #.......     58%         4    ###....
 Airstrike                Air            #.........   71%         4    ###....
 Force Lance              Conj/Tloc      #.......     71%         4    ###....
 Fulminant Prism          Conj/Hex       #.........   71%         4    ###....
 Iskenderun's Mystic Bla  Conj           #.......     71%         4    ###....
 Leda's Liquefaction      Hex/Erth       #.........   71%         4    ###....
 Summon Lightning Spire   Summ/Air       #.......     71%         4    ###....
 Statue Form              Tmut/Erth      ###......    75%         6    ######.
 Metabolic Englaciation   Hex/Ice        #.........   85%         5    #####..
 Bolt of Magma            Conj/Fire/Erth #.........   92%         5    #####..
 Borgnjor's Vile Clutch   Necr/Erth      #.........   92%         5    #####..
 Lightning Bolt           Conj/Air       #.........   92%         5    #####..
 Silence                  Hex/Air        #.........   92%         5    #####..
 Summon Demon             Summ           #.........   92%         5    #####..
 Ozocubu's Refrigeration  Ice            ##........   99%         6    ######.
 Bolt of Cold             Conj/Ice       #.........   100%        6    ######.
 Darkness                 Hex            #.........   100%        6    ######.
 Freezing Cloud           Conj/Ice/Air   #.........   100%        6    ######.
 Iron Shot                Conj/Erth      #.........   100%        6    ######.
 Shadow Creatures         Summ           N/A          100%        6    ######.
 Simulacrum               Ice/Necr       #.........   100%        6    ######.
 Summon Hydra             Summ           #.........   100%        7    #######
 Shatter                  Erth           #.........   100%        9    #######


Dungeon Overview and Level Annotations

Branches:
Dungeon (14/15)            Temple (0/1) D:6            Lair (6/6) D:9
  Swamp (0/4) Lair:2       Spider (0/4) Lair:4        Slime (0/5) Lair:5
    Orc (0/2) D:12         Vaults (0/5) D:13

Altars:
Dithmenos
Fedhas
Gozag
Okawaru
Qazlal
Sif Muna
Trog
Xom
Yredelemnul

Shops:
D:9 *

Annotations:
Lair:1 2 transporters, emperorjimmu's ghost, novice GrBe
Lair:2 exclusion: 2 oklob plants


Innate Abilities, Weirdness & Mutations

You are too large for most types of armour.
You have tough skin. (AC +1)


Message History

* * * LOW HITPOINT WARNING * * *
The wolf spider misses you.
The wolf spider bites you but does no damage.
As you read the scroll of fear, it crumbles to dust.
You assume a fearsome visage.
The wolf spider looks frightened!
The centaur warrior looks frightened!
The deep troll earth mage looks frightened!
The ettin looks frightened!
The centaur warrior yells, "Help!"
A frost giant comes into view.
It is wielding a +2 battleaxe of freezing.
As you read the scroll of teleportation, it crumbles to dust.
You feel strangely unstable.
A yaktaur captain comes into view.
As you read the scroll of fog, it crumbles to dust.
The scroll dissolves into smoke.
You feel sick.
You are no longer poisoned.
The deep troll earth mage prays for help.
The yaktaur captain wields a +0 arbalest.
The yaktaur captain shoots a bolt.
The bolt hits you!!
You die...

. #.........# .
####.....## ##
################
###..............###
##..................##
#....................#
#...........†..§§§...##
........######§§§§....#
......### ##§@§...c#
.....## ##§§....#
.....# ##.....#
....##### ###### ..C..#
....###.###....##....s#
....##"[##...)..#...T.#
....##..##..##..#.C...#
.)..##..##..##..#..c..#
....##..##..##..#


You could see a frost giant, a yaktaur captain, an ettin (fleeing), a wolf
spider (fleeing), a centaur warrior (fleeing) and a deep troll earth mage
(fleeing).

Vanquished Creatures
  Rupert (Lair:3)
  Agnes (D:14)
  Frances (D:14)
  Nessos (Lair:6)
  5 centaur warriors
  8 hydras
  Erica (Lair:1)
  3 catoblepae (Lair:6)
  A dancing weapon (D:11)
  A tengu warrior (D:13)
  An ogre mage (D:14)
  2 two-headed ogres
  The ghost of strelocc the Thaumaturge, a journeyman DEFE of Sif Muna (D:11)
  6 death yaks (Lair:6)
  Urug (Lair:5)
  4 unseen horrors
  2 orc knights
  A deep elf mage (D:13)
  A necromancer (D:11)
  4 manticores
  An elephant (Lair:4)
  12 ugly things
  A wolf spider zombie (D:14)
  2 cyclopes
  4 black mambas
  Maurice (D:11)
  5 gargoyles
  A torpor snail (Lair:3)
  A centaur skeleton (D:14)
  14 spiny frogs
  4 yaktaurs (D:13)
  8 komodo dragons
  A freezing wraith (D:14)
  An efreet (D:14)
  3 kobold demonologists
  2 tengu conjurers
  4 jumping spiders (Lair:4)
  2 polar bears
  A queen bee (D:11)
  3 trolls
  3 dream sheep (Lair:3)
  19 slime creatures
  17 blink frogs
  A hippogriff (shapeshifter) (D:14)
  7 hippogriffs
  2 wraiths
  31 yaks
  A shadow (D:14)
  9 wyverns
  A redback (Lair:4)
  A vampire (D:14)
  A hungry ghost (D:8)
  2 steam dragons
  Eustachio (D:6)
  2 basilisks
  A vampire mosquito (D:14)
  2 swamp worms (Lair:2)
  A soldier ant (D:12)
  4 porcupines
  14 water moccasins
  10 orc warriors
  8 sky beasts
  3 ice beasts
  2 black bears (D:8)
  An eye of draining (D:14)
  5 ogres
  2 phantoms
  10 centaurs
  18 big kobolds
  11 crocodiles
  Blork the orc (D:6)
  7 bullfrogs
  10 jellies
  2 scorpions
  5 wights
  30 killer bees
  2 electric eels (Lair:6)
  4 howler monkeys
  A bullfrog zombie (D:10)
  4 crimson imps
  3 centaur zombies
  6 orc priests
  A gnoll shaman (D:8)
  2 bullfrog skeletons
  9 hounds
  8 orc wizards
  Terence (D:2)
  5 iguanas
  9 worker ants
  6 yak simulacra (D:11)
  2 polar bear simulacra (D:11)
  2 wolf simulacra (D:11)
  A killer bee zombie (D:9)
  A hound zombie (D:7)
  2 hound skeletons (D:9)
  6 gnolls (D:8)
  11 adders
  2 shadow imps (D:14)
  7 oozes
  An adder zombie (D:8)
  A worm (D:2)
  A dart slug (D:4)
  6 leopard geckos
  50 orcs
  5 giant cockroaches
  5 goblins
  12 hobgoblins
  10 jackals
  26 kobolds
  5 quokkas
  3 ball pythons
  9 bats
  6 frilled lizards
  A giant cockroach zombie (D:5)
  2 leopard gecko skeletons
  A quokka skeleton (D:5)
  2 quokka zombies
  7 rats
  A river rat simulacrum (D:11)
  A plant (Lair:6)
612 creatures vanquished.

Vanquished Creatures (collateral kills)
  Harold (Lair:2)
  A manticore (D:8)
  2 water moccasins
  An orc wizard (D:2)
  An adder (D:2)
  A gnoll (D:2)
  13 orcs
  A hobgoblin (D:2)
  A jackal (D:6)
22 creatures vanquished.

Vanquished Creatures (others)
  A kobold demonologist (D:14)
  A bullfrog (D:14)
  A worker ant (D:14)
  20 fungi (Lair:6)
  16 plants
39 creatures vanquished.

Grand Total: 673 creatures vanquished

Notes
Turn   | Place    | Note
-------+----------+-------------------------------------------
     0 | D:1      | mora the Ogre Transmuter began the quest for the Orb.
     0 | D:1      | Reached XP level 1. HP: 19/19 MP: 3/3
   213 | D:1      | Reached skill level 2 in Fighting
   224 | D:1      | Reached XP level 2. HP: 24/28 MP: 3/5
   630 | D:1      | Learned a level 2 spell: Sticks to Snakes
   825 | D:2      | Reached XP level 3. HP: 31/36 MP: 0/6
   830 | D:2      | Learned a level 3 spell: Spider Form
  1002 | D:3      | Noticed a sky beast
  1366 | D:2      | Reached skill level 1 in Poison Magic
  1513 | D:2      | Reached XP level 4. HP: 34/44 MP: 7/7
  1738 | D:2      | Found an opulent altar of Gozag.
  1953 | D:2      | Noticed Terence
  1964 | D:2      | Killed Terence
  2237 | D:2      | Reached skill level 3 in Fighting
  2388 | D:2      | Reached XP level 5. HP: 49/53 MP: 6/8
  2541 | D:2      | Found an iron altar of Okawaru.
  2582 | D:2      | Became a worshipper of Warmaster Okawaru
  2737 | D:3      | Killed a sky beast
  2737 | D:3      | Reached skill level 4 in Fighting
  2737 | D:3      | Reached XP level 6. HP: 62/62 MP: 4/9
  3245 | D:4      | Found a blossoming altar of Fedhas.
  3474 | D:4      | Reached * piety under Okawaru
  3506 | D:4      | Found a deep blue altar of Sif Muna.
  3535 | D:4      | Found a bloodstained altar of Trog.
  3809 | D:5      | Entered Level 5 of the Dungeon
  3986 | D:5      | Reached skill level 5 in Fighting
  4007 | D:5      | Reached XP level 7. HP: 33/72 MP: 5/10
  4015 | D:5      | Learned a level 4 spell: Ice Form
  4264 | D:5      | Found a stormy altar of Qazlal.
  4303 | D:5      | Reached ** piety under Okawaru
  4480 | D:5      | Reached skill level 6 in Fighting
  4480 | D:5      | Reached skill level 5 in Unarmed Combat
  4764 | D:5      | Reached XP level 8. HP: 79/84 MP: 8/11
  5165 | D:6      | Reached skill level 1 in Ice Magic
  5437 | D:6      | Identified the Catalogue of Supportive Bewitchment
  5532 | D:6      | Found a staircase to the Ecumenical Temple.
  5874 | D:6      | Reached *** piety under Okawaru
  6170 | D:6      | Noticed Eustachio
  6226 | D:6      | Killed Eustachio
  6226 | D:6      | Reached skill level 5 in Spellcasting
  6226 | D:6      | Reached XP level 9. HP: 68/92 MP: 13/16
  6251 | D:6      | Noticed Blork the orc
  6260 | D:6      | Killed Blork the orc
  6260 | D:6      | Reached skill level 5 in Transmutations
  6405 | D:7      | Got a brightly glowing robe
  6418 | D:7      | Identified the +1 robe "Siej Xai" {rC+ rCorr Str-2 Slay+6}
                  | (You found it on level 7 of the Dungeon)
  7184 | D:8      | Found a flagged portal.
  7240 | D:8      | Found a shadowy altar of Dithmenos.
  7326 | D:8      | Found a basalt altar of Yredelemnul.
  7350 | D:8      | Noticed a manticore
  7386 | D:8      | Reached **** piety under Okawaru
  7690 | Bailey   | Entered a bailey
  8147 | Bailey   | Noticed an orc knight
  8148 | Bailey   | Noticed an orc knight
  8422 | D:8      | Killed a manticore
  8422 | D:8      | Reached ***** piety under Okawaru
  8880 | D:9      | Reached XP level 10. HP: 100/100 MP: 22/22
 10237 | D:9      | Found Qaankaqig's Assorted Antiques.
 10252 | D:9      | Bought a scroll of teleportation for 87 gold pieces
 10252 | D:9      | Bought a short bronze wand for 116 gold pieces
 10252 | D:9      | Bought a scroll of identify for 58 gold pieces
 10252 | D:9      | Bought a lead wand for 116 gold pieces
 11161 | D:9      | Found a staircase to the Lair.
 11240 | Lair:1   | Entered Level 1 of the Lair of Beasts
 11251 | Lair:1   | Received a gift from Okawaru
 11280 | Lair:1   | Found a transporter.
 11284 | Lair:1   | Noticed emperorjimmu's ghost (novice GrBe)
 11301 | Lair:1   | Found a transporter.
 11398 | Lair:1   | Reached skill level 7 in Fighting
 11439 | Lair:1   | Noticed Erica
 11447 | Lair:1   | Killed Erica
 11447 | Lair:1   | Reached skill level 5 in Dodging
 11447 | Lair:1   | Reached XP level 11. HP: 109/110 MP: 21/24
 11750 | Lair:1   | Reached skill level 8 in Fighting
 12417 | Lair:1   | Noticed a moth of wrath
 12417 | Lair:1   | Noticed a catoblepas
 12815 | Lair:2   | Reached skill level 9 in Fighting
 12829 | Lair:2   | Noticed an oklob plant
 12985 | Lair:2   | Received a gift from Okawaru
 13201 | Lair:2   | Noticed Harold
 13218 | Lair:2   | Killed Harold
 13218 | Lair:2   | Reached ****** piety under Okawaru
 13218 | Lair:2   | Received a gift from Okawaru
 13411 | Lair:2   | Noticed an eight-headed hydra
 13423 | Lair:2   | Killed an eight-headed hydra
 13429 | Lair:2   | Reached skill level 10 in Fighting
 13865 | Lair:2   | Noticed a five-headed hydra
 13875 | Lair:2   | Killed a five-headed hydra
 13892 | Lair:2   | Found a staircase to the Swamp.
 14006 | Lair:2   | Noticed an oklob plant
 14171 | Lair:3   | Reached XP level 12. HP: 127/127 MP: 20/25
 14194 | Lair:3   | Reached skill level 1 in Invocations
 14292 | Lair:3   | Reached skill level 1 in Evocations
 14503 | Lair:3   | Noticed Rupert
 14535 | Lair:3   | Paralysed by Rupert for 4 turns
 14547 | Lair:3   | Killed Rupert
 14547 | Lair:3   | Reached skill level 11 in Fighting
 14686 | Lair:3   | Noticed a four-headed hydra
 14694 | Lair:3   | Killed a four-headed hydra
 14895 | Lair:3   | Received a gift from Okawaru
 15919 | Lair:4   | Received a gift from Okawaru
 16075 | Lair:4   | Found a hole to the Spider Nest.
 16307 | Lair:5   | Reached XP level 13. HP: 139/139 MP: 26/26
 16434 | Lair:5   | Reached skill level 12 in Fighting
 16465 | Lair:5   | Reached skill level 5 in Invocations
 16529 | Lair:5   | Found a staircase to the Slime Pits.
 16595 | Lair:5   | Noticed Urug
 16609 | Lair:5   | Killed Urug
 17120 | Lair:6   | Entered Level 6 of the Lair of Beasts
 17511 | Lair:6   | Noticed Nessos
 17537 | Lair:6   | Killed Nessos
 18344 | Lair:6   | Received a gift from Okawaru
 18607 | Lair:6   | Reached skill level 5 in Evocations
 18957 | Lair:6   | Reached skill level 13 in Fighting
 19123 | Lair:6   | Reached skill level 10 in Unarmed Combat
 19446 | Lair:6   | Received a gift from Okawaru
 19679 | Lair:6   | Reached skill level 10 in Dodging
 19681 | Lair:6   | Reached XP level 14. HP: 71/154 MP: 23/27
 20367 | Lair:6   | Reached skill level 14 in Fighting
 20394 | Lair:6   | Reached skill level 10 in Transmutations
 20394 | Lair:6   | Reached XP level 15. HP: 163/163 MP: 28/28
 20395 | Lair:6   | Reached XP level 16. HP: 172/172 MP: 29/29
 20795 | D:10     | Entered Level 10 of the Dungeon
 21106 | D:10     | Received a gift from Okawaru
 21123 | D:10     | Got slimy gold dragon scales {god gift}
 21124 | D:10     | Identified the +8 gold dragon scales of Okawaru's Supremacy
                  | {rPois rF+ rC+ rN+ MR+ SInv} (Okawaru gifted it to you on
                  | level 10 of the Dungeon)
 21240 | D:10     | Learned a level 5 spell: Blade Hands
 21486 | D:10     | Identified the cursed +0 scimitar of Contradiction {elec,
                  | rElec rN+ Str+2 Dex+9}
 21986 | D:11     | Reached skill level 1 in Shields
 22031 | D:11     | Noticed Maurice
 22088 | D:11     | Killed Maurice
 22335 | D:11     | Found a runed translucent door.
 22335 | D:11     | Found a shimmering altar of Xom.
 22335 | D:11     | Noticed strelocc's ghost (journeyman DEFE)
 22349 | D:11     | Killed strelocc's ghost
 22946 | D:12     | Found an iron altar of Okawaru.
 23680 | D:12     | Found a staircase to the Orcish Mines.
 24786 | D:13     | Found a gate to the Vaults.
 26267 | D:14     | Reached skill level 15 in Fighting
 26856 | D:14     | Received a gift from Okawaru
 27739 | D:14     | Noticed Agnes
 27748 | D:14     | Killed Agnes
 27748 | D:14     | Reached XP level 17. HP: 95/184 MP: 17/30
 28077 | D:14     | Noticed Frances
 28366 | D:14     | Killed Frances
 28633 | D:14     | Reached skill level 5 in Shields
 29211 | D:14     | Shot with a bolt by a yaktaur captain

Skill      XL: |  1  2  3  4  5  6  7  8  9 10 11 12 13 14 15 16 17 |
---------------+----------------------------------------------------+-----
Fighting       | 2 3 4 5 6 7 10 11 13 14 15 | 15.5
Unarmed Combat | 3 4 5 6 8 9 10 11 | 11.8
Transmutations | 2 3 4 7 8 10 11 12 | 12.6
Poison Magic   | 1 |  1.0
Dodging        | 2 3 4 5 7 8 10 11 | 11.5
Ice Magic      | 2 |  2.0
Spellcasting   | 5 8 9 |  9.9
Invocations    | 4 5 |  5.0
Evocations     | 3 5 |  5.0
Shields        | 4 5 |  5.1

Action                   |  1- 3 |  4- 6 |  7- 9 | 10-12 | 13-15 | 16-18 || total
-------------------------+-------+-------+-------+-------+-------+-------++-------
Melee: Unarmed           |    91 |   215 |   338 |   444 |   265 |   661 ||  2014
       Headbutt          |     5 |    11 |    23 |    16 |       |       ||    55
       Kick              |     4 |    23 |    36 |    15 |       |       ||    78
       Punch             |     1 |     3 |     8 |     4 |     1 |    15 ||    32
Throw: Stone             |    48 |    63 |    51 |    42 |     3 |       ||   207
       Tomahawk          |       |    20 |    51 |       |       |       ||    71
       Javelin           |       |       |       |       |       |    20 ||    20
 Cast: Beastly Appendage |    28 |    50 |    63 |    21 |       |       ||   162
       Sticks to Snakes  |     3 |    21 |    57 |    26 |     7 |     7 ||   121
       Ice Form          |       |       |       |    34 |    25 |    34 ||    93
       Blade Hands       |       |       |       |       |       |    22 ||    22
Invok: Heroism           |       |       |     1 |     1 |     6 |     3 ||    11
 Abil: End Transformatio |       |       |       |     1 |       |     4 ||     5
Evoke: Wand              |       |       |    27 |     8 |     3 |     4 ||    42
  Use: Scroll            |     4 |    11 |     2 |     4 |     7 |    20 ||    48
       Potion            |       |       |       |     1 |     3 |     2 ||     6
 Stab: Distracted        |       |       |       |       |       |     1 ||     1
       Paralysed         |       |       |       |       |       |     5 ||     5
       Invisible         |       |       |       |       |       |     1 ||     1
  Eat: Chunk             |     3 |     7 |     6 |    28 |    11 |    28 ||    83
       Ration            |       |     1 |     3 |     3 |     1 |     3 ||    11
Armor: Robe              |    36 |    86 |   167 |   126 |    15 |   111 ||   541
       Skin              |       |       |       |    61 |    49 |    85 ||   195
Dodge: Dodged            |    68 |   117 |   188 |   260 |   141 |   406 ||  1180
Block: Shield            |       |       |       |       |       |    10 ||    10
